 Dungeon Crawl Stone Soup version 0.17-a0-1850-g688e747 (webtiles) character file.

266 hal2100 the Ruffian (level 6, -5/39 HPs)
             Began as a Gargoyle Monk on Sept 19, 2015.
             Was a Believer of Qazlal.
             Slain by Grinder (8 damage)
             ... while paralysed by Grinder
             ... on level 3 of the Dungeon.
             The game lasted 00:20:31 (2406 turns).

hal2100 the Ruffian (Gargoyle Monk)                 Turns: 2406, Time: 00:20:31

Health: -5/39      AC:  8    Str: 16    XL:     6   Next: 20%
Magic:  6/6        EV:  2    Int: 10    God:    Qazlal [**....]
Gold:   83         SH:  0    Dex: 13    Spells: 0 memorised, 5 levels left

rFire  + . .     SeeInvis .       - Unarmed
rCold  + . .     Clarity  .     a - +0 robe
rNeg   + . .     SustAt   .     p - +0 buckler
rPois  ∞         Gourm    .     q - +0 helmet (curse)
rElec  +         Spirit   .     f - +0 cloak
rCorr  +         Warding  .     (no gloves)
rMut   .         Stasis   .     (no boots)
MR     .....                    (no amulet)
Stlth  +.........               (no ring)
                                c - ring of loudness (curse)

@: paralysed, resistant, not resistant to hostile enchantments, very unstealthy
A: negative energy resistance 1, electricity resistance, unbreathing,
petrification resistance, rot immunity, AC +4
a: Upheaval, Renounce Religion


You were on level 3 of the Dungeon.
You worshipped Qazlal.
Qazlal was pleased with you.
You were not hungry.

You visited 1 branch of the dungeon, and saw 3 of its levels.

You collected 83 gold pieces.

Inventory:

Hand weapons
 r - a +0 hunting sling
 s - a +0 hunting sling
 u - a +0 hand axe
 v - a +0 spear
 w - a +2 short sword of speed
 y - a +0 spear
Missiles
 t - 76 stones
 x - 17 sling bullets
 z - 7 tomahawks (quivered)
 A - 2 javelins
Armour
 a - a +0 robe (worn)
 f - a +0 cloak (worn)
 o - a +0 large shield
 p - a +0 buckler (worn)
 q - a cursed +0 helmet (worn)
Jewellery
 c - a cursed ring of loudness (left hand)
Scrolls
 d - 2 scrolls of recharging {unknown}
 e - a scroll of remove curse {unknown}
 i - a scroll of fog {unknown}
 k - 3 scrolls of identify {unknown}
 m - 2 scrolls of enchant weapon {unknown}
Potions
 n - a potion of curing
Comestibles
 b - 3 bread rations
 j - 2 meat rations
 l - a slice of pizza


   Skills:
 + Level 4.3 Fighting
 + Level 0.8(1.0) Slings
 + Level 0.6(1.0) Throwing
 + Level 3.5 Dodging
 + Level 2.3 Stealth
 + Level 1.9 Shields
 + Level 5.1 Unarmed Combat
 + Level 0.4 Invocations


You had 5 spell levels left.
You didn't know any spells.

Dungeon Overview and Level Annotations

Branches:
Dungeon (3/15)

Altars:
Qazlal

Annotations:
D:3 Grinder


Innate Abilities, Weirdness & Mutations

You are resistant to torment.
Your stone body is resilient (AC +4).
You are immune to poison.
You resist negative energy.
You are resistant to electric shocks.
You can survive without breathing.
You are immune to petrification.
You are immune to rotting.


Message History

Grinder is lightly wounded.
Grinder hits you!
You barely miss Grinder.
Grinder is lightly wounded.
Grinder hits you.
You closely miss Grinder.
Grinder is lightly wounded.
Grinder gestures at you. Pain shoots through your body!
* * * LOW HITPOINT WARNING * * *
You closely miss Grinder.
Grinder is lightly wounded.
Grinder says, "You look like you could use a good racking."
Grinder gestures at you.
You suddenly lose the ability to move!
Grinder barely misses you. Grinder hits you!
* * * LOW HITPOINT WARNING * * *
Grinder hits you!
You die...

## ############
#######.#####.....).....
......5#.........#######
#@#####.##.# # ###
#.##.# # ### #.##.# #
..# #### ...#..# # #.#
#.. ..<....# #
#.#######. ##.####
#...##..# # ..........
#..... ...###<.# #
#.##########..##### #..#
#..# #
#............)....# #..#
#..# #


You could see Grinder.

Vanquished Creatures
  Purgy (D:3)
  An orc priest (D:3)
  2 adders (D:2)
  3 gnolls (D:3)
  17 orcs (D:3)
  7 bats
  8 goblins
  8 hobgoblins
  4 jackals (D:2)
  A quokka (D:3)
  2 ball pythons (D:2)
  2 giant cockroaches (D:2)
  5 giant newts
  10 kobolds
  7 rats
78 creatures vanquished.

Notes
Turn   | Place    | Note
--------------------------------------------------------------
     0 | D:1      | hal2100 the Gargoyle Monk began the quest for the Orb.
     0 | D:1      | Reached XP level 1. HP: 14/14 MP: 1/1
   129 | D:1      | Reached XP level 2. HP: 17/19 MP: 2/2
   547 | D:2      | Reached XP level 3. HP: 23/23 MP: 3/3
  1035 | D:2      | Found a stormy altar of Qazlal.
  1062 | D:2      | Reached XP level 4. HP: 23/28 MP: 4/4
  1109 | D:2      | Became a worshipper of Qazlal Stormbringer
  1109 | D:2      | Acquired Qazlal's first power
  1109 | D:2      | Acquired Qazlal's second power
  1767 | D:3      | Reached skill level 1 in Shields
  1787 | D:3      | Reached XP level 5. HP: 33/33 MP: 5/5
  1849 | D:3      | Reached skill level 5 in Unarmed Combat
  2084 | D:3      | Noticed Purgy
  2163 | D:3      | Killed Purgy
  2163 | D:3      | Reached XP level 6. HP: 16/39 MP: 6/6
  2388 | D:3      | Noticed Grinder
  2388 | D:3      | Paralysed by Grinder for 5 turns
  2403 | D:3      | Paralysed by Grinder for 5 turns
  2406 | D:3      | Slain by Grinder

Vault maps used:
D:1:      dpeg_arrival_lava_temple_mockup
D:2:      nicolae_overflow_crystal_walls, hangedman_decor_push
D:3:      uniq_grinder, uniq_purgy

Action                   |  1- 3 |  4- 6 || total
-------------------------+-------+-------++-------
Melee: Unarmed           |   120 |   205 ||   325
 Fire: Hunting sling     |       |    24 ||    24
Throw: Javelin           |    15 |    14 ||    29
       Tomahawk          |       |    13 ||    13
       Stone             |       |     1 ||     1
Invok: Upheaval          |       |     1 ||     1
  Use: Potion            |       |     5 ||     5
  Eat: Chunk             |       |     5 ||     5
